 Dungeon Crawl Stone Soup version 0.30.2 (webtiles) character file.

Game seed: 16690820376542694302

2882 Ashen the Ogre Mage (level 9, -5/92 HPs)
             Began as an Ogre Ice Elementalist on Jan 25, 2024.
             Was a Follower of Vehumet.
             Slain by a two-headed ogre
             ... wielding a +0 giant club
              (6 damage)
             ... on level 9 of the Dungeon.
             The game lasted 00:20:28 (9568 turns).

Ashen the Ogre Mage (Ogre Ice Elementalist)         Turns: 9568, Time: 00:20:29

Health: -5/92      AC: 12    Str: 14    XL:     9   Next: 76%
Magic:  5/21       EV: 10    Int: 20    God:    Vehumet [*.....]
Gold:   178        SH:  0    Dex:  9    Spells: 14/25 levels left

rFire   + . .        x - +3 dire flail
rCold   . . .        (shield currently unavailable)
rNeg    . . .        a - +0 robe
rPois   .            (helmet restricted)
rElec   .            w - +0 cloak
rCorr   .            (gloves unavailable)
SInv    .            (boots unavailable)
Will    +....        (no amulet)
Stlth   ++           u - ring of willpower
HPRegen 0.35/turn    q - ring of protection from fire
MPRegen 0.17/turn

%: no passive effects
@: ice-armoured, freezing walls
A: large, unfitting armour, tough skin 1
a: Renounce Religion


You were on level 9 of the Dungeon.
You worshipped Vehumet.
Vehumet was aware of your devotion.
You visited 2 branches of the dungeon, and saw 10 of its levels.

You collected 444 gold pieces.
You spent 266 gold pieces at shops.

Inventory:

Hand Weapons
 v - a +0 giant spiked club
 x - a +3 dire flail (weapon)
Armour
 a - a +0 robe (worn)
 w - a +0 cloak (worn)
Magical Staves
 l - a staff of cold
Jewellery
 f - a ring of protection from cold
 q - a ring of protection from fire (right hand)
 u - a ring of willpower (left hand)
 A - a ring of fire
 C - a +6 ring of intelligence
 D - a +4 ring of slaying
 E - the ring "Debadghi" {Wiz rPois rF- rCorr SInv}
   (You took it off a kobold on level 8 of the Dungeon)

   [ring of wizardry]

   It improves your spell success rate.
   rF:        It makes you vulnerable to fire.
   rPois:     It protects you from poison.
   SInv:      It lets you see invisible.
   rCorr:     It protects you from acid and corrosion.
Wands
 k - a wand of digging (9)
Scrolls
 c - 6 scrolls of teleportation
 h - a scroll of magic mapping {unknown}
 i - a scroll of enchant weapon
 m - 3 scrolls of poison {unknown}
 n - 3 scrolls of immolation
 r - 4 scrolls of fear
 s - 2 scrolls of brand weapon {unknown}
 t - a scroll of blinking {unknown}
 y - a scroll of identify
Potions
 b - a potion of magic
 d - a potion of resistance
 e - 3 potions of heal wounds
 g - 2 potions of curing
 o - 4 potions of brilliance
 p - a potion of attraction
 z - a potion of flight
 F - 2 potions of mutation {unknown}


   Skills:
 + Level 6.5 Fighting
 + Level 4.9 Dodging
 - Level 3.0 Stealth
 * Level 8.6 Spellcasting
 * Level 7.7 Ice Magic


You had 14 spell levels left.
You knew the following spells:

 Your Spells              Type           Power      Damage    Failure   Level
a - Freeze                Ice            100%       1d10      1%          1
b - Frozen Ramparts       Ice            78%        1d12      1%          3
c - Ozocubu's Armour      Ice            39%        N/A       1%          3
d - Summon Ice Beast      Ice/Summ       24%        N/A       16%         4

Your spell library contained the following spells:

 Spells                   Type           Power      Damage    Failure   Level
 Kiss of Death            Conj/Necr      32%        2d7       9%          1
 Inner Flame              Hex/Fire       8%         N/A       24%         3
 Vhi's Electric Charge    Tloc/Air       16%        N/A       24%         3
 Arcjolt                  Conj/Air       4%         1d14      92%         5
 Yara's Violent Unravell  Hex/Tmut       4%         3d4       92%         5
 Plasma Beam              Fire/Air       4%         2x1d15    100%        6
 Enfeeble                 Hex            4%         N/A       100%        7


Dungeon Overview and Level Annotations

Branches:
Dungeon (9/15)             Temple (1/1) D:4
   Lair: D:8-11         Orc: D:9-12

Altars:
Ashenzari
Cheibriados
Dithmenos
Elyvilon
Fedhas
Gozag
Hepliaklqana
Kikubaaqudgha
Makhleb
Nemelex Xobeh
Okawaru
Qazlal
Ru
Sif Muna
Trog
Uskayaw
Vehumet
Wu Jian
Xom
Yredelemnul
Zin
The Shining One

Shops:
D:1 =   D:6 ?

Annotations:
D:2 Terence
D:5 1 runed translucent door, StylePro's ghost, novice GrFi
D:7 exclusion: upstairs
D:9 Erica; Erolcha; Psyche


Innate Abilities, Weirdness & Mutations

You are too large for most types of armour.
You have tough skin. (AC +1)


Message History

Confirm with . or Enter, or press ? or * to list all spells.
Aiming: Freeze (safe; 1% risk of failure)
Press: ? - help, Shift-Dir - straight line, f - two-headed ogre
Aim: a two-headed ogre, wielding two +0 giant clubs (lightly wounded)
You freeze the two-headed ogre!
The two-headed ogre is moderately wounded.
The wall freezes the two-headed ogre.
The two-headed ogre barely misses you.
The two-headed ogre hits you with a +0 giant club!!
Casting: Freeze (safe; 1% risk of failure)
Confirm with . or Enter, or press ? or * to list all spells.
Aiming: Freeze (safe; 1% risk of failure)
Press: ? - help, Shift-Dir - straight line, f/p - two-headed ogre
Aim: a two-headed ogre, wielding two +0 giant clubs (moderately wounded)
You freeze the two-headed ogre!
The two-headed ogre is heavily wounded.
Unknown command.
Unknown command.
Casting: Freeze (safe; 1% risk of failure)
Confirm with . or Enter, or press ? or * to list all spells.
Aiming: Freeze (safe; 1% risk of failure)
Press: ? - help, Shift-Dir - straight line, f/p - two-headed ogre
Aim: a two-headed ogre, wielding two +0 giant clubs (heavily wounded)
You freeze the two-headed ogre.
The two-headed ogre is heavily wounded.
The wall freezes the two-headed ogre!
The two-headed ogre hits you with a +0 giant club!!
* * * LOW HITPOINT WARNING * * *
The two-headed ogre hits you but does no damage.
Casting: Freeze (safe; 1% risk of failure)
Confirm with . or Enter, or press ? or * to list all spells.
Aiming: Freeze (safe; 1% risk of failure)
Press: ? - help, Shift-Dir - straight line, f/p - two-headed ogre
Aim: a two-headed ogre, wielding two +0 giant clubs (severely wounded)
You freeze the two-headed ogre.
The two-headed ogre is severely wounded.
The wall freezes the two-headed ogre but does no damage.
The two-headed ogre hits you with a +0 giant club!
* * * LOW HITPOINT WARNING * * *
The two-headed ogre hits you with a +0 giant club.
You die...

#...# #.#### ..#.# #....#
..#.#######.##.# ..#.......#.##.#
..##..###.#.##.# ..###.....#.##.#
. ..# #.###.#.##.######.... ..#
#............O..O....
..############..@########
.........# #.#....# #..#
.........# #.#....# #..#
.#.......# #.#....# #..#
.##...#### #.#....# #..# ###...#
#.##...# #..#
###...########.##.#######..##.###
.................................
....(......###.##..######.##.....


You could see a two-headed ogre and Erolcha.

Vanquished Creatures
  A wyvern (D:8)
  An acid dragon (D:9)
  A water moccasin (D:6)
  A sky beast (D:7)
  2 ogres
  A centaur (D:7)
  A phantom (D:6)
  3 bullfrogs
  2 kobold brigands (D:8)
  A gnoll sergeant (D:9)
  12 wights
  8 killer bees
  6 hounds
  2 jellies (D:7)
  4 orc priests
  3 sleepcaps
  3 iguanas
  An orc wizard (D:6)
  4 gnolls (D:9)
  5 adders
  A shadow imp (D:6)
  3 white imps
  4 ufetubi
  A worm (D:3)
  6 orcs
  5 ball pythons
  9 endoplasms
  3 giant cockroaches
  4 goblins
  4 hobgoblins
  3 quokkas
  8 bats
  2 frilled lizards (D:1)
  11 kobolds
  5 rats
131 creatures vanquished.

Notes
Turn   | Place    | Note
-------+----------+-------------------------------------------
     0 | D:1      | Ashen the Ogre Ice Elementalist began the quest for the
                  | Orb.
     0 | D:1      | Reached XP level 1. HP: 16/16 MP: 3/3
   166 | D:1      | Found Ephy's Jewellery Shop.
   194 | D:1      | Reached XP level 2. HP: 25/26 MP: 0/5
   496 | D:1      | Reached skill level 1 in Fighting
   820 | D:1      | Reached skill level 3 in Spellcasting
   985 | D:2      | Reached XP level 3. HP: 33/33 MP: 5/7
  1080 | D:2      | Noticed Terence
  1550 | D:3      | Learned a level 3 spell: Frozen Ramparts
  1554 | D:3      | Learned a level 3 spell: Ozocubu's Armour
  1823 | D:3      | Reached XP level 4. HP: 41/41 MP: 6/9
  1865 | D:3      | Found a sparkling altar of Nemelex Xobeh.
  1866 | D:3      | Found a snail-covered altar of Cheibriados.
  2418 | D:4      | Noticed an ogre
  2434 | D:4      | Killed an ogre
  2435 | D:4      | Reached skill level 4 in Spellcasting
  2435 | D:4      | Reached XP level 5. HP: 28/49 MP: 1/11
  2692 | D:4      | Found a staircase to the Ecumenical Temple.
  2747 | Temple   | Entered the Ecumenical Temple
  2947 | Temple   | Became a worshipper of Vehumet
  3320 | D:4      | Reached XP level 6. HP: 59/59 MP: 10/12
  3579 | D:5      | Entered Level 5 of the Dungeon
  4373 | D:5      | HP: 2/61 [white imp/puff of frost (6)]
  4640 | D:5      | Reached XP level 7. HP: 51/67 MP: 14/14
  4736 | D:5      | Found a runed translucent door.
  4737 | D:5      | Noticed StylePro's ghost (novice GrFi)
  4807 | D:5      | Reached skill level 5 in Ice Magic
  4931 | D:6      | Reached skill level 5 in Spellcasting
  5572 | D:6      | Reached XP level 8. HP: 47/74 MP: 11/16
  5809 | D:6      | Reached skill level 6 in Spellcasting
  5984 | D:6      | Found Wicvajo's Magic Scroll Emporium.
  5992 | D:6      | Bought a scroll of teleportation for 39 gold pieces
  5992 | D:6      | Bought a scroll of enchant weapon for 97 gold pieces
  5992 | D:6      | Bought a scroll of immolation for 52 gold pieces
  5992 | D:6      | Bought a scroll of immolation for 52 gold pieces
  5992 | D:6      | Bought a scroll of identify for 26 gold pieces
  6108 | D:6      | Identified the staff of air "Pyeborchi" {rElec Dex+3}
  7360 | D:7      | Reached skill level 5 in Fighting
  7406 | D:7      | Reached skill level 7 in Spellcasting
  7756 | D:6      | Noticed a rust devil
  7756 | D:6      | Noticed a rust devil
  7821 | D:8      | Noticed a wyvern
  7830 | D:8      | Killed a wyvern
  7831 | D:8      | Reached XP level 9. HP: 86/88 MP: 10/20
  7970 | D:8      | Identified the ring "Debadghi" {Wiz rPois rF- rCorr SInv}
  7996 | D:8      | Reached * piety under Vehumet
  7996 | D:8      | Offered knowledge of Kiss of Death by Vehumet.
  8281 | D:8      | Reached skill level 8 in Spellcasting
  8809 | D:9      | Noticed Erica
  8942 | D:8      | Learned a level 4 spell: Summon Ice Beast
  9117 | D:9      | Noticed Erolcha
  9295 | D:9      | Noticed a boulder beetle
  9307 | D:9      | Noticed Psyche
  9561 | D:9      | Noticed a two-headed ogre
  9568 | D:9      | HP: 1/92 [two-headed ogre/+0 giant club (14)]
  9568 | D:9      | Slain by a two-headed ogre

Illustrated notes

Levels and vault maps discovered:
D:1:      zelgadis_glass_arrival_small, layout_rooms, serial_shops, shop
D:2:      layout_basic, basic_altar, serial_bayou, serial_bayou_lake_a,
          serial_bayou_lagoon_a, serial_bayou_pond_c, serial_bayou_pond_d,
          serial_bayou_shore_a, serial_bayou_pond_e, minmay_misc_feat_roman,
          uniq_terence, uniq_sigmund
D:3:      layout_rooms, gammafunk_temple_overflow_statue,
          chequers_serial_rivers_micro_e, hangedman_decor_points
D:4:      layout_basic, minmay_temple_entry_drinking_statues,
          grunt_ministairs_2, hangedman_abyss_or_decor_stabs,
          chequers_decorated_corner
D:5:      layout_basic, gammafunk_ghost_grave
D:6:      cheibrodos_iron_armory, layout_cave_pods, serial_shops,
          nicolae_stop_n_shop_1
D:7:      layout_basic
D:8:      layout_basic
D:9:      layout_basic, uniq_erolcha, uniq_psyche, uniq_erica
Temple:   nicolae_temple_bog_church

Skill      XL: |  1  2  3  4  5  6  7  8  9 |
---------------+----------------------------+-----
Fighting       | 1 2 3 4 5 6 |  6.5
Spellcasting   | 3 4 5 7 8 |  8.6
Ice Magic      | 4 5 6 7 |  7.7
Dodging        | 2 3 4 |  4.9
Stealth        | 2 3 |  3.0

Action                     |  1- 3 |  4- 6 |  7- 9 || total
---------------------------+-------+-------+-------++-------
  Melee: Unarmed           |    15 |       |       ||    15
         Staff             |     2 |    14 |       ||    16
         Giant spiked club |       |    35 |    44 ||    79
         Dire flail        |       |       |   160 ||   160
   Cast: Freeze            |    63 |    46 |    29 ||   138
         Frozen Ramparts   |       |     3 |    18 ||    21
         Ozocubu's Armour  |       |     4 |    27 ||    31
  Evoke: Wand              |       |       |    13 ||    13
    Use: Potion            |       |     1 |     4 ||     5
         Scroll            |       |       |    12 ||    12
   Stab: Sleeping          |     1 |     2 |     4 ||     7
 Armour: Robe              |    23 |    55 |   148 ||   226
         Skin              |       |       |     2 ||     2
  Dodge: Dodged            |    41 |    76 |   186 ||   303
